| TOP OF THE 1ST |
|
Kingsport Mets batting - Pitching for Billings Mustangs : RHP Josh Early
|
|
Pitching: RHP Josh Early
|
|
|
Batting: RHB Eric Zylstra
|
0-0: Ball 1-0: Ball 2-0: Ball 3-0: Foul Ball, location: 2F 3-1: Swinging Strike 3-2: Foul Ball, location: 2F 3-2: Base on Balls
|
|
Batting: SHB Josh Thomson
|
0-0: Called Strike 0-1: Ball 1-1: Swinging Strike 1-2: Strikes out looking
|
|
Batting: RHB Juan Medina
|
0-0: Foul Ball, location: 2F 0-1: Ball 1-1: Ball Wild Pitch! Eric Zylstra to second 2-1: SINGLE (Groundball, 6, EV 93.8 MPH) Eric Zylstra to third
|
|
Batting: RHB Dan Muse
|
0-0: Ball 1-0: Called Strike 1-1: Ball 2-1: Ball 3-1: Foul Ball, location: 2F 3-2: Base on Balls Juan Medina to second
|
|
Batting: RHB Chris Artz
|
0-0: Called Strike 0-1: Called Strike 0-2: Strikes out looking
|
|
Batting: RHB Artyom Shavkunov
|
0-0: Called Strike 0-1: SINGLE (Groundball, 6MD, EV 97.5 MPH) Eric Zylstra scores Juan Medina to third Dan Muse to second Runner from 3rd tries for Home, SAFE, throw by CF to home
|
|
Batting: LHB Randolph Brodbeck
|
0-0: Called Strike 0-1: Called Strike 0-2: DOUBLE (Groundball, 3L, EV 108.8 MPH) Dan Muse scores Artyom Shavkunov to third
|
|
Batting: RHB Craig Alvarado
|
0-0: Ball Wild Pitch! Artyom Shavkunov scores Randolph Brodbeck to third 1-0: 2-RUN HOME RUN (Flyball, 78XD, EV 100.0 MPH), Distance : 409 ft
|
|
Batting: LHB Rick Vallis
|
0-0: Foul Ball, location: 2F 0-1: Ball 1-1: Foul Ball, location: 2F 1-2: Strikes out looking
|
| Top of the 1st over - 6 runs, 4 hits, 0 errors, 0 left on base; Kingsport 6 - Billings 0 |
| BOTTOM OF THE 1ST |
|
Billings Mustangs batting - Pitching for Kingsport Mets : RHP Ryan Egan
|
|
Pitching: RHP Ryan Egan
|
|
|
Batting: RHB Will Trudeau
|
0-0: Swinging Strike 0-1: Ground out 4-3 (Groundball, 4M, EV 98.1 MPH)
|
|
Batting: LHB Clint Hanninen
|
0-0: Ball 1-0: Foul Ball, location: 2F 1-1: Called Strike 1-2: Ball 2-2: Foul Ball, location: 2F 2-2: Strikes out looking
|
|
Batting: SHB Gustavo Froio
|
0-0: Fly out, F9 (Flyball, 89M, EV 91.2 MPH)
|
| Bottom of the 1st over - 0 runs, 0 hits, 0 errors, 0 left on base; Kingsport 6 - Billings 0 |
| TOP OF THE 2ND |
|
Kingsport Mets batting - Pitching for Billings Mustangs : RHP Josh Early
|
|
Batting: RHB Eric Zylstra
|
0-0: Ball 1-0: Called Strike 1-1: Swinging Strike 1-2: Ball 2-2: Ball 3-2: Ground out 4-3 (Groundball, 34, EV 90.6 MPH)
|
|
Batting: SHB Josh Thomson
|
0-0: Foul Ball, location: 2F 0-1: Ball 1-1: Ball 2-1: Ball 3-1: Foul Ball, location: 2F 3-2: Strikes out looking
|
|
Batting: RHB Juan Medina
|
0-0: Ball 1-0: Called Strike 1-1: Ball 2-1: Ground out 4-3 (Groundball, 4, EV 86.2 MPH)
|
| Top of the 2nd over - 0 runs, 0 hits, 0 errors, 0 left on base; Kingsport 6 - Billings 0 |
| BOTTOM OF THE 2ND |
|
Billings Mustangs batting - Pitching for Kingsport Mets : RHP Ryan Egan
|
|
Batting: RHB Emanuel Estrada
|
0-0: Ball 1-0: Foul Ball, location: 2F 1-1: Ball 2-1: Foul Ball, location: 2F 2-2: Foul Ball, location: 2F 2-2: Ball 3-2: Base on Balls
|
|
Batting: SHB Sal Esparza
|
0-0: Fielders Choice at 2nd, 1-6 (Groundball, 34S, EV 70.0 MPH)
|
|
Batting: RHB Wayne Watson
|
0-0: Ball 1-0: SINGLE (Groundball, 4MD, EV 109.4 MPH) Sal Esparza to second
|
|
Batting: RHB Alex Nagera
|
0-0: Ball 1-0: Ball 2-0: Called Strike 2-1: Ball 3-1: Base on Balls Sal Esparza to third Wayne Watson to second
|
|
Batting: RHB Ruben Cantu
|
0-0: Grounds into double play, 6-4-3 (Groundball, 6, EV 83.8 MPH)
|
| Bottom of the 2nd over - 0 runs, 1 hit, 0 errors, 2 left on base; Kingsport 6 - Billings 0 |
| TOP OF THE 3RD |
|
Kingsport Mets batting - Pitching for Billings Mustangs : RHP Josh Early
|
|
Pitching: RHP Cortez Restrepo
|
|
|
Batting: RHB Dan Muse
|
0-0: Foul Ball, location: 2F 0-1: Ball 1-1: Ball 2-1: Swinging Strike 2-2: Ball 3-2: Foul Ball, location: 2F 3-2: Strikes out swinging
|
|
Batting: RHB Chris Artz
|
0-0: Called Strike 0-1: Ball 1-1: Ground out 6-3 (Groundball, 56, EV 81.9 MPH)
|
|
Batting: RHB Artyom Shavkunov
|
0-0: SINGLE (Line Drive, 34D, EV 98.8 MPH)
|
|
Batting: LHB Randolph Brodbeck
|
0-0: Ball 1-0: Called Strike 1-1: Ball 2-1: Swinging Strike 2-2: Ball 3-2: Base on Balls Artyom Shavkunov to second
|
|
Batting: RHB Craig Alvarado
|
0-0: Called Strike 0-1: Ball Passed Ball! Artyom Shavkunov to third Randolph Brodbeck to second 1-1: Called Strike 1-2: Foul Ball, location: 2F 1-2: Ball 2-2: Ball 3-2: Strikes out swinging
|
| Top of the 3rd over - 0 runs, 1 hit, 0 errors, 2 left on base; Kingsport 6 - Billings 0 |
| BOTTOM OF THE 3RD |
|
Billings Mustangs batting - Pitching for Kingsport Mets : RHP Ryan Egan
|
|
Batting: RHB Jimmy Geddes
|
0-0: SINGLE (Groundball, 56D, EV 105.6 MPH)
|
|
Batting: RHB Will Trudeau
|
0-0: Ball 1-0: Ball 2-0: Ball 3-0: Called Strike 3-1: Base on Balls Jimmy Geddes to second
|
|
Batting: LHB Clint Hanninen
|
0-0: Foul Ball, location: 2F 0-1: Ball 1-1: Foul Ball, location: 2F 1-2: Ball 2-2: Reached on error, E6 (Groundball, 6, EV 79.4 MPH) Jimmy Geddes to third Will Trudeau to second
|
|
Batting: SHB Gustavo Froio
|
0-0: Ball 1-0: Ball 2-0: Ball 3-0: Base on Balls Jimmy Geddes scores Will Trudeau to third Clint Hanninen to second
|
|
Batting: RHB Emanuel Estrada
|
0-0: Foul Ball, location: 2F 0-1: Foul Ball, location: 2F 0-2: Strikes out looking
|
|
Batting: SHB Sal Esparza
|
0-0: Ball 1-0: Ball 2-0: Called Strike 2-1: Called Strike 2-2: Ball 3-2: DOUBLE (Flyball, 78XD, EV 104.4 MPH) Will Trudeau scores Clint Hanninen scores Gustavo Froio to third
|
|
Batting: RHB Wayne Watson
|
0-0: Ball 1-0: Foul Ball, location: 2F 1-1: Swinging Strike 1-2: Ball 2-2: Ball 3-2: Strikes out swinging
|
|
Batting: RHB Alex Nagera
|
0-0: Swinging Strike 0-1: Ground out U3 (Groundball, 3L, EV 94.4 MPH)
|
| Bottom of the 3rd over - 3 runs, 2 hits, 1 error, 2 left on base; Kingsport 6 - Billings 3 |
| TOP OF THE 4TH |
|
Kingsport Mets batting - Pitching for Billings Mustangs : RHP Cortez Restrepo
|
|
Batting: LHB Rick Vallis
|
0-0: SOLO HOME RUN (Flyball, 7LD, EV 96.2 MPH), Distance : 348 ft
|
|
Batting: RHB Eric Zylstra
|
0-0: Called Strike 0-1: Fly out, F9 (Flyball, 9, EV 79.4 MPH)
|
|
Batting: SHB Josh Thomson
|
0-0: Ground out 4-3 (Groundball, 4, EV 81.9 MPH)
|
|
Batting: RHB Juan Medina
|
0-0: Ball 1-0: Foul Ball, location: 2F 1-1: Foul Ball, location: 2F 1-2: Strikes out swinging
|
| Top of the 4th over - 1 run, 1 hit, 0 errors, 0 left on base; Kingsport 7 - Billings 3 |
| BOTTOM OF THE 4TH |
|
Billings Mustangs batting - Pitching for Kingsport Mets : RHP Ryan Egan
|
|
Batting: RHB Ruben Cantu
|
0-0: Ball 1-0: Foul Ball, location: 2F 1-1: Called Strike 1-2: Ball 2-2: Ball 3-2: Foul Ball, location: 2F 3-2: Foul Ball, location: 2F 3-2: SINGLE (Line Drive, 6MD, EV 97.5 MPH)
|
|
Batting: RHB Jimmy Geddes
|
0-0: Foul Ball, location: 2F 0-1: Swinging Strike 0-2: Ball 1-2: SINGLE (Line Drive, 7S, EV 101.9 MPH) Ruben Cantu to second
|
|
Batting: RHB Will Trudeau
|
0-0: Ball 1-0: Ground out 6-3 (Groundball, P, EV 86.9 MPH) Ruben Cantu to third Jimmy Geddes to second
|
|
Batting: LHB Clint Hanninen
|
0-0: Called Strike 0-1: Called Strike 0-2: Ball 1-2: Ball 2-2: SINGLE (Groundball, 4MD, EV 103.8 MPH) Ruben Cantu scores Jimmy Geddes to third Runner from 3rd tries for Home, throw by CF and OUT! 8-2
|
|
Batting: SHB Gustavo Froio
|
0-0: Called Strike 0-1: Ball 1-1: Ball 2-1: Called Strike 2-2: Ground out 4-3 (Groundball, 4, EV 86.2 MPH)
|
| Bottom of the 4th over - 1 run, 3 hits, 0 errors, 1 left on base; Kingsport 7 - Billings 4 |
| TOP OF THE 5TH |
|
Kingsport Mets batting - Pitching for Billings Mustangs : RHP Cortez Restrepo
|
|
Batting: RHB Dan Muse
|
0-0: Called Strike 0-1: Ground out 5-3 (Groundball, 56, EV 81.2 MPH)
|
|
Batting: RHB Chris Artz
|
0-0: Ball 1-0: Ball 2-0: SINGLE (Flyball, 34D, EV 92.5 MPH)
|
|
Pitching: RHP Tahir Montazeri
|
|
|
Batting: RHB Artyom Shavkunov
|
0-0: Called Strike 0-1: Fly out, F3 (Line Drive, 3, EV 66.2 MPH)
|
|
Batting: LHB Randolph Brodbeck
|
0-0: Called Strike 0-1: Swinging Strike 0-2: Foul Ball, location: 2F 0-2: Fly out, F7 (Line Drive, 7, EV 96.9 MPH)
|
| Top of the 5th over - 0 runs, 1 hit, 0 errors, 1 left on base; Kingsport 7 - Billings 4 |
| BOTTOM OF THE 5TH |
|
Billings Mustangs batting - Pitching for Kingsport Mets : RHP Ryan Egan
|
|
Batting: RHB Emanuel Estrada
|
0-0: Called Strike 0-1: Ball 1-1: Called Strike 1-2: SINGLE (Groundball, 56D, EV 105.0 MPH) (infield hit)
|
|
Batting: SHB Sal Esparza
|
0-0: Called Strike 0-1: Ball 1-1: Fly out, F8 (Line Drive, 8RS, EV 89.4 MPH)
|
|
Batting: RHB Wayne Watson
|
0-0: Called Strike 0-1: Foul Ball, location: 2F 0-2: Foul Ball, location: 2F 0-2: Ball 1-2: Foul Ball, location: 2F 1-2: Ball 2-2: 2-RUN HOME RUN (Line Drive, 78XD, EV 100.0 MPH), Distance : 400 ft
|
|
Batting: RHB Alex Nagera
|
0-0: Called Strike 0-1: Swinging Strike 0-2: Ball 1-2: Ball 2-2: Fly out, F6 (Popup, 6M, EV 67.5 MPH)
|
|
Batting: RHB Ruben Cantu
|
0-0: Ball 1-0: Fly out, F9 (Flyball, 9, EV 90.6 MPH)
|
| Bottom of the 5th over - 2 runs, 2 hits, 0 errors, 0 left on base; Kingsport 7 - Billings 6 |
| TOP OF THE 6TH |
|
Kingsport Mets batting - Pitching for Billings Mustangs : RHP Tahir Montazeri
|
|
Batting: RHB Craig Alvarado
|
0-0: Ball 1-0: Ball 2-0: Foul Ball, location: 2F 2-1: Foul Ball, location: 2F 2-2: Strikes out swinging
|
|
Batting: LHB Rick Vallis
|
0-0: Ball 1-0: Ball 2-0: Ball 3-0: Base on Balls
|
|
Batting: RHB Eric Zylstra
|
0-0: Ball 1-0: Ball 2-0: Ball 3-0: Called Strike 3-1: Called Strike 3-2: Strikes out looking
|
|
Batting: SHB Josh Thomson
|
0-0: Called Strike 0-1: Swinging Strike 0-2: Ball 1-2: Strikes out swinging
|
| Top of the 6th over - 0 runs, 0 hits, 0 errors, 1 left on base; Kingsport 7 - Billings 6 |
| BOTTOM OF THE 6TH |
|
Billings Mustangs batting - Pitching for Kingsport Mets : RHP Ryan Egan
|
|
Batting: RHB Jimmy Geddes
|
0-0: Called Strike 0-1: Swinging Strike 0-2: Strikes out looking
|
|
Batting: RHB Will Trudeau
|
0-0: Called Strike 0-1: Ball 1-1: Ball 2-1: Ball 3-1: Swinging Strike 3-2: Base on Balls
|
|
Pitching: RHP Ken Tayo
|
|
|
Batting: LHB Clint Hanninen
|
0-0: Ball 1-0: Swinging Strike 1-1: Called Strike 1-2: Foul Ball, location: 2F 1-2: Strikes out swinging Will Trudeau steals 2nd, throwing error, E2 Will Trudeau to third
|
|
Batting: SHB Gustavo Froio
|
0-0: Called Strike 0-1: Ball 1-1: SINGLE (Groundball, 4M, EV 90.0 MPH) (infield hit) Will Trudeau scores
|
|
Batting: RHB Emanuel Estrada
|
0-0: Ball 1-0: Called Strike Gustavo Froio is caught stealing 2nd base 2-4
|
| Bottom of the 6th over - 1 run, 1 hit, 1 error, 0 left on base; Kingsport 7 - Billings 7 |
| TOP OF THE 7TH |
|
Kingsport Mets batting - Pitching for Billings Mustangs : RHP Tahir Montazeri
|
|
Pitching: RHP Jeff Buchanan
|
|
|
Batting: RHB Juan Medina
|
0-0: Swinging Strike 0-1: Swinging Strike 0-2: Ball 1-2: Strikes out looking
|
|
Batting: RHB Dan Muse
|
0-0: Called Strike 0-1: Called Strike 0-2: Foul Ball, location: 2F 0-2: Ball 1-2: Strikes out looking
|
|
Batting: RHB Chris Artz
|
0-0: Swinging Strike 0-1: Called Strike 0-2: Strikes out looking
|
| Top of the 7th over - 0 runs, 0 hits, 0 errors, 0 left on base; Kingsport 7 - Billings 7 |
| BOTTOM OF THE 7TH |
|
Billings Mustangs batting - Pitching for Kingsport Mets : RHP Ken Tayo
|
|
Batting: RHB Emanuel Estrada
|
0-0: Called Strike 0-1: Swinging Strike 0-2: Ball 1-2: Ball 2-2: Strikes out swinging
|
|
Batting: SHB Sal Esparza
|
0-0: Ball 1-0: Called Strike 1-1: Called Strike 1-2: Ball 2-2: Ball 3-2: Fly out, F8 (Flyball, 8RM, EV 90.0 MPH)
|
|
Batting: RHB Wayne Watson
|
0-0: Called Strike 0-1: Foul Ball, location: 2F 0-2: Strikes out swinging
|
| Bottom of the 7th over - 0 runs, 0 hits, 0 errors, 0 left on base; Kingsport 7 - Billings 7 |
| TOP OF THE 8TH |
|
Kingsport Mets batting - Pitching for Billings Mustangs : RHP Jeff Buchanan
|
|
Batting: RHB Artyom Shavkunov
|
0-0: Called Strike 0-1: Ball 1-1: Foul Ball, location: 2F 1-2: Foul Ball, location: 2F 1-2: Strikes out looking
|
|
Batting: LHB Randolph Brodbeck
|
0-0: Foul Ball, location: 2F 0-1: SINGLE (Groundball, 3D, EV 96.9 MPH)
|
|
Pitching: RHP Boboy Cacabelos
|
|
|
Batting: RHB Craig Alvarado
|
0-0: Ball 1-0: Ball 2-0: Bunt missed! 2-1: Bunt missed! 2-2: Ball 3-2: Base on Balls Randolph Brodbeck to second
|
|
Batting: LHB Rick Vallis
|
0-0: Ball 1-0: Ball Wild Pitch! Randolph Brodbeck to third Craig Alvarado to second 2-0: Ball 3-0: Called Strike 3-1: Base on Balls
|
|
Batting: RHB Eric Zylstra
|
0-0: Ball 1-0: Fly out, F7 (Flyball, 7S, EV 91.9 MPH)
|
|
Batting: SHB Josh Thomson
|
0-0: Ball 1-0: Foul Ball, location: 2F 1-1: Swinging Strike 1-2: Ball 2-2: Foul Ball, location: 2F 2-2: Ball 3-2: Foul Ball, location: 2F 3-2: Foul Ball, location: 2F 3-2: Strikes out swinging
|
| Top of the 8th over - 0 runs, 1 hit, 0 errors, 3 left on base; Kingsport 7 - Billings 7 |
| BOTTOM OF THE 8TH |
|
Billings Mustangs batting - Pitching for Kingsport Mets : RHP Ken Tayo
|
|
Batting: RHB Alex Nagera
|
0-0: Called Strike 0-1: Ball 1-1: Ball 2-1: Swinging Strike 2-2: Strikes out swinging
|
|
Pitching: RHP Emanuel Anochondo
|
|
|
Pinch Hitting: RHB Rich Vanegas
|
0-0: Called Strike 0-1: Swinging Strike 0-2: Foul Ball, location: 2F 0-2: Strikes out swinging
|
|
Pinch Hitting: LHB Jose Cruz
|
0-0: Foul Ball, location: 2F 0-1: Ball 1-1: Foul Ball, location: 2F 1-2: Ball 2-2: Strikes out swinging
|
| Bottom of the 8th over - 0 runs, 0 hits, 0 errors, 0 left on base; Kingsport 7 - Billings 7 |
| TOP OF THE 9TH |
|
Kingsport Mets batting - Pitching for Billings Mustangs : RHP Boboy Cacabelos
|
|
Now at 1B: Rich Vanegas
|
|
|
Now in LF: Jose Cruz
|
|
|
Batting: RHB Juan Medina
|
0-0: Foul Ball, location: 2F 0-1: Ball 1-1: Ball 2-1: Ball 3-1: Fly out, F8 (Flyball, 78D, EV 73.8 MPH)
|
|
Batting: RHB Dan Muse
|
0-0: Ball 1-0: Foul Ball, location: 2F 1-1: Swinging Strike 1-2: Ball 2-2: Foul Ball, location: 2F 2-2: Ball 3-2: Foul Ball, location: 2F 3-2: SINGLE (Groundball, 6M, EV 101.2 MPH) (infield hit)
|
|
Batting: RHB Chris Artz
|
0-0: Ball 1-0: Foul Ball, location: 2F 1-1: Foul Ball, location: 2F 1-2: Hit by Pitch Dan Muse to second
|
|
Batting: RHB Artyom Shavkunov
|
0-0: Called Strike 0-1: Grounds into double play, 4-6-3 (Groundball, 4, EV 108.1 MPH)
|
| Top of the 9th over - 0 runs, 1 hit, 0 errors, 1 left on base; Kingsport 7 - Billings 7 |
| BOTTOM OF THE 9TH |
|
Billings Mustangs batting - Pitching for Kingsport Mets : RHP Emanuel Anochondo
|
|
Batting: RHB Will Trudeau
|
0-0: Foul Ball, location: 2F 0-1: Foul Ball, location: 2F 0-2: Fly out, F8 (Flyball, 8LM, EV 73.1 MPH)
|
|
Batting: LHB Clint Hanninen
|
0-0: Called Strike 0-1: Ball 1-1: Swinging Strike 1-2: Ball 2-2: Foul Ball, location: 2F 2-2: Strikes out swinging
|
|
Batting: SHB Gustavo Froio
|
0-0: Ball 1-0: Foul Ball, location: 2F 1-1: Ball 2-1: Foul Ball, location: 2F 2-2: Strikes out looking
|
| Bottom of the 9th over - 0 runs, 0 hits, 0 errors, 0 left on base; Kingsport 7 - Billings 7 |
| TOP OF THE 10TH |
|
Kingsport Mets batting - Pitching for Billings Mustangs : RHP Boboy Cacabelos
|
|
Batting: LHB Randolph Brodbeck
|
0-0: Ball 1-0: Called Strike 1-1: Called Strike 1-2: Foul Ball, location: 2F 1-2: SOLO HOME RUN (Flyball, 89XD, EV 100.0 MPH), Distance : 396 ft
|
|
Batting: RHB Craig Alvarado
|
0-0: Swinging Strike 0-1: Foul Ball, location: 2F 0-2: Ball 1-2: Strikes out looking
|
|
Batting: LHB Rick Vallis
|
0-0: DOUBLE (Flyball, 78XD, EV 106.2 MPH)
|
|
Batting: RHB Eric Zylstra
|
0-0: Foul Ball, location: 2F 0-1: Ball 1-1: Ball 2-1: Ball 3-1: Fly out, F8 (Line Drive, 89M, EV 110.6 MPH)
|
|
Batting: SHB Josh Thomson
|
0-0: Called Strike 0-1: Ball 1-1: Ball 2-1: Ball 3-1: Called Strike 3-2: Strikes out swinging
|
| Top of the 10th over - 1 run, 2 hits, 0 errors, 1 left on base; Kingsport 8 - Billings 7 |
| BOTTOM OF THE 10TH |
|
Billings Mustangs batting - Pitching for Kingsport Mets : RHP Emanuel Anochondo
|
|
Now in RF: Kyle Verkamp
|
|
|
Batting: RHB Emanuel Estrada
|
0-0: Ball 1-0: Ball 2-0: Swinging Strike 2-1: Fly out, F7 (Flyball, 7S, EV 85.6 MPH)
|
|
Batting: SHB Sal Esparza
|
0-0: Called Strike 0-1: Called Strike 0-2: Ball 1-2: Ball 2-2: Strikes out swinging
|
|
Pitching: RHP Antonio Reyes
|
|
|
Batting: RHB Wayne Watson
|
0-0: Ball 1-0: DOUBLE (Line Drive, 7LS, EV 91.9 MPH)
|
|
Batting: RHB Alex Nagera
|
0-0: Fly out, F8 (Flyball, 8LD, EV 93.1 MPH)
|
| Bottom of the 10th over - 0 runs, 1 hit, 0 errors, 1 left on base; Kingsport 8 - Billings 7 |
|